 Dungeon Crawl Stone Soup version 0.19.5 (webtiles) character file.

993 JeffiDaFish the Shield-Bearer (level 8, -3/49 HPs)
             Began as a Gargoyle Fighter on Apr 20, 2017.
             Slain by an ogre
             ... wielding a +0 giant club
              (16 damage)
             ... on level 5 of the Dungeon.
             The game lasted 00:13:20 (5750 turns).

JeffiDaFish the Shield-Bearer (Gargoyle Fighter)    Turns: 5750, Time: 00:13:21

Health: -3/49      AC: 20    Str: 20    XL:     8   Next: 19%
Magic:  8/8        EV:  5    Int:  9    God:
Gold:   304        SH: 11    Dex: 11    Spells: 0 memorised, 7 levels left

rFire  . . .     SeeInvis .     q - +1 whip (venom)
rCold  . . .     Gourm    .     k - +0 plate armour
rNeg   + . .     Faith    .     c - +1 shield
rPois  ∞         Spirit   .     l - +0 helmet
rElec  +         Reflect  .     (no cloak)
rCorr  +         Harm     .     (no gloves)
MR     .....                    m - +1 pair of boots
Stlth  ..........               (no amulet)
                                b - ring of flight
                                h - ring of resist corrosion

@: no status effects
A: hooves 1, negative energy resistance 1, electricity resistance, unbreathing,
petrification resistance, rot immunity, AC +5
a: Evoke Flight


You were on level 5 of the Dungeon.
You were not hungry.

You visited 2 branches of the dungeon, and saw 7 of its levels.

You collected 304 gold pieces.

Inventory:

Hand Weapons
 a - a +0 flail
 q - a +1 whip of venom (weapon)
Armour
 c - a +1 shield (worn)
 k - a +0 plate armour (worn)
 l - a +0 helmet (worn)
 m - a +1 pair of boots (worn)
Jewellery
 b - a ring of flight (right hand)
 h - a ring of resist corrosion (left hand)
Scrolls
 g - 3 scrolls of identify
 p - 2 scrolls of amnesia
 u - a scroll of remove curse
Potions
 e - 3 potions of curing
 j - a potion of haste
 n - a potion of magic
Comestibles
 d - 3 fruits
 f - 4 bread rations
 i - 2 beef jerkies
 o - a meat ration
 s - 8 chunks of flesh
 t - a royal jelly


   Skills:
 + Level 5.0 Fighting
 + Level 6.0 Maces & Flails
 + Level 4.6 Armour
 + Level 1.6 Dodging
 + Level 0.5 Stealth
 + Level 6.3 Shields


You had 7 spell levels left.
You didn't know any spells.

Dungeon Overview and Level Annotations

Branches:
Dungeon (6/15)             Temple (1/1) D:4

Altars:
Ashenzari
Cheibriados
Dithmenos
Elyvilon
Fedhas
Gozag
Hepliaklqana
Kikubaaqudgha
Makhleb
Nemelex Xobeh
Qazlal
Ru
Sif Muna
Trog
Uskayaw
Xom
Zin
The Shining One


Innate Abilities, Weirdness & Mutations

You are resistant to torment.
Your stone body is resilient. (AC +5)
You are immune to poison.
You resist negative energy. (rN+)
You are resistant to electric shocks. (rElec)
You can survive without breathing.
You are immune to petrification.
You are immune to rotting.
You have large cloven feet.


Message History

You hit the ogre.
The ogre is poisoned.
The ogre is lightly wounded.
You block the orc's attack. The ogre hits you with a giant club!
Your plate armour prevents you from hitting the ogre.
The ogre is lightly wounded.
You block the orc's attack.
Your plate armour prevents you from hitting the ogre.
The ogre is moderately wounded.
The ogre hits you with a giant club. You block the orc's attack.
Your plate armour prevents you from hitting the ogre.
The ogre is moderately wounded.
You block the orc's attack. The ogre hits you with a giant club!
* * * LOW HITPOINT WARNING * * *
You hit the ogre.
The ogre is moderately wounded.
The orc barely misses you.
You hit the ogre.
The ogre looks as sick as possible!
The ogre is moderately wounded.
The ogre hits you with a giant club!
You die...

.###########..#.#####.#.#
(........#[...#.#####.#.#
########.#.##.#.......#.#
.................######.#
########.#.#.#...######.#
#.#.#.#...##.....# #####
#.#.#.#...##.##### #....
########.#.#...o[##.###
#.###
...............O@.....#
#.#
#######..#.#....))..#.##
#.#
#..#.#.###.####..######.#
#..#.#.# #..............#
#..#.#.####.####.########
#.............##.#
#....#.####...##.# ##
#....#.# #...##.# #§
#......####.#.##.# #§


You could see an ogre and an orc.

Vanquished Creatures
  An ogre (D:5)
  A big kobold (D:4)
  A scorpion (D:5)
  A howler monkey (D:5)
  3 crimson imps
  2 orc priests
  A quasit (D:5)
  A hound (D:5)
  An orc wizard (D:5)
  A bullfrog skeleton (D:4)
  A centaur skeleton (D:6)
  An iguana (D:5)
  2 worker ants
  A hound skeleton (D:4)
  A worker ant zombie (D:5)
  8 gnolls
  12 adders
  An ooze (D:2)
  2 worms
  2 dart slugs
  6 leopard geckos
  20 orcs
  9 bats
  8 giant cockroaches
  4 goblins
  9 hobgoblins
  6 jackals (D:1)
  A quokka (D:3)
  A ball python (D:3)
  6 frilled lizards
  29 kobolds
  A leopard gecko skeleton (D:5)
  9 rats
  2 plants (D:4)
155 creatures vanquished.

Vanquished Creatures (others)
  4 plants (D:4)
4 creatures vanquished.

Grand Total: 159 creatures vanquished

Notes
Turn   | Place    | Note
-------+----------+-------------------------------------------
     0 | D:1      | JeffiDaFish the Gargoyle Fighter began the quest for the Orb.
     0 | D:1      | Reached XP level 1. HP: 14/14 MP: 1/1
   108 | D:1      | Reached XP level 2. HP: 3/19 MP: 2/2
   535 | D:1      | Reached XP level 3. HP: 23/24 MP: 3/3
  1271 | D:2      | Reached XP level 4. HP: 28/29 MP: 4/4
  1590 | D:2      | Reached skill level 1 in Dodging
  1868 | D:3      | Reached XP level 5. HP: 29/33 MP: 5/5
  2525 | D:3      | Reached XP level 6. HP: 38/38 MP: 6/6
  3020 | D:4      | Found an opulent altar of Gozag.
  3020 | D:4      | Found a deep blue altar of Sif Muna.
  3063 | D:4      | Found a white marble altar of Elyvilon.
  3097 | D:4      | Reached skill level 5 in Shields
  3204 | D:4      | Found a staircase to the Ecumenical Temple.
  3212 | Temple   | Entered the Ecumenical Temple
  3870 | D:4      | Reached XP level 7. HP: 44/44 MP: 7/7
  4377 | D:5      | Entered Level 5 of the Dungeon
  4445 | D:5      | Reached skill level 5 in Maces & Flails
  4623 | D:5      | Found a hazy altar of Hepliaklqana.
  4626 | D:5      | Found a burning altar of Makhleb.
  4771 | D:5      | Gained mutation: You have large cloven feet. [potion of beneficial mutation]
  5507 | D:6      | Reached XP level 8. HP: 48/48 MP: 8/8
  5558 | D:5      | Reached skill level 5 in Fighting
  5750 | D:5      | Slain by an ogre

Skill      XL: |  1  2  3  4  5  6  7  8 |
---------------+-------------------------+-----
Shields        | 4 5 6 |  6.3
Dodging        | 1 |  1.6
Maces & Flails | 3 4 5 6 |  6.0
Fighting       | 4 5 |  5.0
Armour         | 4 |  4.6
Stealth        | |  0.5

Action                   |  1- 3 |  4- 6 |  7- 9 || total
-------------------------+-------+-------+-------++-------
Melee: Flail             |   159 |   418 |    47 ||   624
       Whip              |       |       |   170 ||   170
  Use: Potion            |     6 |     4 |     2 ||    12
       Scroll            |     2 |     3 |     3 ||     8
 Stab: Invisible         |     1 |       |       ||     1
  Eat: Chunk             |     2 |     9 |     7 ||    18
Armor: Scale mail        |   110 |     5 |       ||   115
       Skin              |     4 |       |       ||     4
       Plate armour      |       |   237 |   188 ||   425
       Chain mail        |       |     5 |       ||     5
Dodge: Dodged            |    73 |    64 |    42 ||   179
Block: Shield            |   106 |   237 |   170 ||   513
